 Dungeon Crawl Stone Soup version 0.30.0-11-gf55b779eaf (webtiles) character file.

Game seed: 5498048972834528417

1556 Esekla the Grave Robber (level 8, -11/53 HPs)
             Began as an Octopode Necromancer on May 17, 2023.
             Killed from afar by a steam dragon (24 damage)
             ... with a ball of steam
             ... on level 7 of the Dungeon.
             The game lasted 00:35:13 (5596 turns).

Esekla the Grave Robber (Octopode Necromancer)      Turns: 5596, Time: 00:35:14

Health: -11/53     AC:  1    Str:  8    XL:     8   Next: 88%
Magic:  18/24      EV: 14    Int: 19    God:
Gold:   263        SH:  0    Dex: 12    Spells: 12/17 levels left

rFire   . . .        v - +2 dagger (venom)
rCold   + . .        (no shield)
rNeg    + . .        (helmet restricted)
rPois   .            k - amulet of the acrobat
rElec   .            l - ring of protection from cold
rCorr   .            C - ring of positive energy
SInv    .            d - ring of magical power
Will    .....        (no ring)
Stlth   ++++         (no ring)
HPRegen 1.08/turn    (no ring)
MPRegen 0.19/turn    (no ring)
                     (no ring)

%: acrobat
@: about to teleport
A: almost no armour, amphibious, 8 rings, camouflage 1, gelatinous body 1,
(nimble swimmer 1), tentacles, regeneration 1
a: no special abilities


You were on level 7 of the Dungeon.
You visited 2 branches of the dungeon, and saw 7 of its levels.

You collected 263 gold pieces.

Inventory:

Hand Weapons
 v - a +2 dagger of venom (weapon)
Missiles
 h - 4 poisoned darts
 p - 8 boomerangs (quivered)
Jewellery
 d - a ring of magical power (on tentacle)
 k - an amulet of the acrobat (around mantle)
 l - a ring of protection from cold (left tentacle)
 C - a ring of positive energy (right tentacle)
Wands
 y - a wand of roots (8)
 A - a wand of flame (24)
Scrolls
 e - a scroll of poison {unknown}
 f - 4 scrolls of identify {unknown}
 g - 2 scrolls of fear {unknown}
 j - a scroll of butterflies {unknown}
 m - 3 scrolls of amnesia {unknown}
 n - a scroll of brand weapon {unknown}
 r - 3 scrolls of enchant weapon {unknown}
 u - a scroll of magic mapping {unknown}
 x - a scroll of enchant armour {unknown}
 B - a scroll of torment {unknown}
 E - a scroll of vulnerability {unknown}
Potions
 a - a potion of magic
 b - a potion of cancellation
 i - 3 potions of attraction {unknown}
 o - 3 potions of berserk rage {unknown}
 q - 2 potions of degeneration {unknown}
 s - a potion of mutation
 w - a potion of brilliance
 z - a potion of might
 D - a potion of resistance {unknown}
 F - a potion of haste


   Skills:
 * Level 3.6 Fighting
 + Level 2.7(3.7) Short Blades
 * Level 3.9(4.3) Long Blades
 * Level 4.8 Dodging
 + Level 5.0 Stealth
 * Level 5.0 Spellcasting
 * Level 5.8 Necromancy
 + Level 0.8 Translocations


You had 12 spell levels left.
You knew the following spells:

 Your Spells              Type           Power      Damage    Failure   Level
a - Necrotise             Necr           100%       1d9       1%          1
d - Vampiric Draining     Necr           26%        2d7       3%          3
p - Apportation           Tloc           14%        N/A       9%          1

Your spell library contained the following spells:

 Spells                   Type           Power      Damage    Failure   Level
 Animate Dead             Necr           26%        N/A       11%         4
 Agony                    Necr           26%        N/A       30%         5
 Alistair's Intoxication  Tmut/Pois      2%         N/A       98%         5


Dungeon Overview and Level Annotations

Branches:
Dungeon (5/15)             Temple (1/1) D:4

Altars:
Cheibriados
Dithmenos
Elyvilon
Kikubaaqudgha
Makhleb
Nemelex Xobeh
Okawaru
Qazlal
Ru
Sif Muna
Trog
Uskayaw
Wu Jian
Xom
Yredelemnul
Zin
The Shining One

Annotations:
D:2 Sigmund
D:4 1 runed translucent door, Fodor's ghost, amateur MiFi
D:7 Prince Ribbit


Innate Abilities, Weirdness & Mutations

You cannot wear most types of armour.
You are amphibious.
You can wear up to eight rings at the same time.
Your skin changes colour to match your surroundings (Stealth+).
Your rubbery body absorbs attacks. (AC +1, EV +1)
((You are camouflaged when in or above water. (Stealth+)))
You have tentacles for arms and can constrict up to eight enemies at once.
Your natural rate of healing is unusually fast.


Message History

The phantom is severely damaged.
The phantom hits you.
You barely miss the phantom.
The phantom is severely damaged.
You barely miss the phantom.
The phantom is severely damaged.
The steam dragon breathes steam at you. The ball of steam misses you.
The phantom barely misses you. The phantom attacks as you move away!
The phantom closely misses you.
You hit the steam dragon but do no damage.
The steam dragon is poisoned.
The steam dragon breathes steam at you. The ball of steam hits you!
The phantom hits you.
The phantom blinks!
You blink.
You miss the phantom.
The phantom is severely damaged.
The phantom hits you!
Okay, then.
Okay, then.
As you read the scroll of teleportation, it crumbles to dust.
You feel strangely unstable. The phantom hits you.
* * * LOW HITPOINT WARNING * * *
The phantom blinks!
You blink.
You feel much better. The steam dragon breathes steam at you.
The ball of steam hits you!!
* * * LOW HITPOINT WARNING * * *
The phantom barely misses you.
The steam dragon attacks as you move away!
The steam dragon closely misses you. The steam dragon barely misses you.
Casting: Vampiric Draining (dangerous; 3% risk of failure)
Confirm with . or Enter, or press ? or * to list all spells.
Aiming: Vampiric Draining (dangerous; 3% risk of failure)
Press: ? - help, Shift-Dir - straight line, f - steam dragon
Aim: a steam dragon (lightly wounded, poisoned)
You draw life force from the steam dragon.
You feel life coursing into your body. The steam dragon breathes steam at you.
The ball of steam hits you!!
You die...

..y###.#.5...)..#
##yy#..).g#######
#y#.####.# ##### ##
#.#.####.# #...###....
#.#....hT# ##..........
#.######## ####....###.##
#.. #......#.# ####
#...D...### #...@§W...#
#...# #....§..#†#
#...######.#..§§.#§#
#.... ........§..#.#
####...#####.###§####.#
.....F.......###.# #.#
......>..........# #..
.............###.# ###.
##<.....####.###.######..


You could see a steam dragon (poisoned, catching breath) and a phantom.

Vanquished Creatures
  Menkaure (D:7)
  A water moccasin (D:7)
  An ice beast (D:7)
  2 black bears
  2 sky beasts (D:7)
  A centaur (D:7)
  A phantom (D:4)
  6 killer bees (D:7)
  2 howler monkeys (D:7)
  An orc priest (D:4)
  Jessica (D:2)
  Natasha (twice) (D:3)
  2 orc wizards
  4 gnolls (D:7)
  5 adders
  A shadow imp (D:7)
  A white imp (D:7)
  An ufetubus (D:5)
  4 dart slugs
  11 orcs
  9 endoplasms
  2 giant cockroaches
  9 goblins
  9 hobgoblins
  10 jackals
  3 quokkas
  8 ball pythons
  9 bats
  A frilled lizard (D:3)
  10 kobolds
  7 rats
127 creatures vanquished.

Notes
Turn   | Place    | Note
-------+----------+-------------------------------------------
     0 | D:1      | Esekla the Octopode Necromancer began the quest for the
                  | Orb.
     0 | D:1      | Reached XP level 1. HP: 11/11 MP: 3/3
   174 | D:1      | Learned a level 1 spell: Apportation
   485 | D:1      | Reached XP level 2. HP: 10/18 MP: 5/5
   670 | D:1      | Reached XP level 3. HP: 22/22 MP: 6/6
   674 | D:1      | Learned a level 3 spell: Vampiric Draining
  1082 | D:2      | Noticed Jessica
  1125 | D:2      | Killed Jessica
  1126 | D:2      | Reached skill level 1 in Fighting
  1126 | D:2      | Reached XP level 4. HP: 28/28 MP: 7/7
  1221 | D:2      | Noticed Sigmund
  1553 | D:2      | Gained mutation: Your natural rate of healing is unusually
                  | fast. [potion of mutation]
  1863 | D:2      | Reached skill level 1 in Short Blades
  1984 | D:2      | Reached skill level 1 in Long Blades
  2206 | D:3      | Found a glowing golden altar of the Shining One.
  2461 | D:3      | Reached XP level 5. HP: 33/33 MP: 8/8
  3188 | D:3      | Noticed Natasha
  3194 | D:3      | Killed Natasha
  3267 | D:3      | Noticed Natasha
  3283 | D:3      | Killed Natasha
  3284 | D:3      | Reached XP level 6. HP: 25/39 MP: 3/10
  3458 | D:4      | Found a large runed translucent door.
  3459 | D:4      | Found a large runed translucent door.
  3491 | D:4      | Found an iron altar of Okawaru.
  3491 | D:4      | Found a basalt altar of Yredelemnul.
  3743 | D:4      | Found a runed translucent door.
  3764 | D:4      | Found a staircase to the Ecumenical Temple.
  3772 | Temple   | Entered the Ecumenical Temple
  3840 | D:4      | Found an ornate altar of the Wu Jian Council.
  3843 | D:4      | Found a glowing silver altar of Zin.
  4414 | D:4      | Noticed Fodor's ghost (amateur MiFi)
  4662 | D:5      | Entered Level 5 of the Dungeon
  4674 | D:5      | Noticed a black bear
  4739 | D:5      | Killed a black bear
  4740 | D:5      | Reached XP level 7. HP: 42/45 MP: 10/12
  4955 | D:5      | You fall into a shaft and drop 2 floors!
  4967 | D:7      | Noticed Menkaure
  4974 | D:7      | Killed Menkaure
  4991 | D:7      | Noticed a troll
  5092 | D:7      | Noticed a steam dragon
  5093 | D:7      | Noticed Prince Ribbit
  5171 | D:7      | Reached skill level 5 in Necromancy
  5171 | D:7      | Reached XP level 8. HP: 37/52 MP: 14/14
  5250 | D:7      | Reached skill level 5 in Stealth
  5576 | D:7      | Reached skill level 5 in Spellcasting
  5596 | D:7      | Killed from afar by a steam dragon

Illustrated notes

Levels and vault maps discovered:
D:1:      minmay_arrival_four_houses, layout_rooms
D:2:      minmay_chambers_of_ones, layout_loops_ring,
          hangedman_decor_diamond_cutter, kennysheep_generic_room_7,
          uniq_sigmund, uniq_jessica
D:3:      layout_loops_ring, mainiacjoe_overflow_concentric_impassable,
          minmay_pentangle, uniq_crazy_yiuf_cottage, uniq_natasha
D:4:      layout_basic, grunt_temple_overflow_open, jmf_multi_god_temple2,
          minmay_temple_entry_tees, ebering_ghost_sewer_d
D:5:      layout_basic
D:7:      layout_loops_cross, sigmund_army, uniq_menkaure, uniq_maggie,
          uniq_prince_ribbit1
Temple:   nicolae_temple_ecumenical_triangle

Skill      XL: |  1  2  3  4  5  6  7  8 |
---------------+-------------------------+-----
Stealth        | 3 4 5 |  5.0
Fighting       | 1 2 3 |  3.6
Short Blades   | 1 2 |  2.7
Dodging        | 3 4 |  4.8
Long Blades    | 1 2 3 |  3.9
Spellcasting   | 3 4 5 |  5.0
Necromancy     | 5 |  5.8
Translocations | |  0.8

Action                     |  1- 3 |  4- 6 |  7- 9 || total
---------------------------+-------+-------+-------++-------
  Melee: Dagger            |    82 |   167 |   112 ||   361
         Unarmed           |     9 |       |       ||     9
         Constrict         |    22 |    40 |    15 ||    77
         Tentacles         |    15 |    32 |    30 ||    77
         Punch             |       |     2 |     2 ||     4
  Throw: Boomerang         |       |     3 |       ||     3
   Cast: Apportation       |     4 |     6 |       ||    10
         Vampiric Draining |     2 |    17 |    18 ||    37
    Use: Potion            |       |     7 |     3 ||    10
         Scroll            |       |     1 |     4 ||     5
   Stab: Sleeping          |     3 |    18 |     1 ||    22
         Distracted        |       |     1 |       ||     1
 Armour: Skin              |    10 |    11 |     7 ||    28
  Dodge: Dodged            |    79 |    90 |   129 ||   298
